Map: Acropolis LE

Players

teefol

  • Race: Zerg Zerg
  • League: Diamond
  • Spawn Location: 5:00

JiuJitsu - Winner!

  • Race: Protoss Protoss
  • League: Diamond
  • Spawn Location: 11:00

VOD

Have the link to the VOD?

Description

Time

  • Played on: July 15, 2019, 3:52 p.m.
  • Length: 6:34
Show
View Real Time Build Order
Export as new Build Order

teefol Zerg 

Build Orders: Hatch First 

Get SALT Encoding   

  12  0:01  Drone  
  13  0:12  Overlord  
  13  0:22  Drone  
  14  0:33  Drone x2  
  16  0:50  Hatchery  
  16  0:53  Drone  
  16  1:00  Drone  
  17  1:12  Spawning Pool  
  17  1:14  Extractor  
  17  1:16  Drone  
  16  1:19  Drone  
  16  1:21  Drone  
  18  1:45  Drone  
  19  1:48  Drone  
  20  2:00  Zergling x2  
  21  2:06  Queen x2  
  21  2:07  Drone x2  
  27  2:17  Metabolic Boost  
  27  2:36  Overlord  
  27  2:37  Overlord  
  27  2:51  Zergling x2  
  27  2:54  Queen  
  27  2:58  Zergling x2, Spine Crawler  
  29  2:59  Zergling x2  
  29  3:01  Drone x3  
  33  3:16  Drone  
  33  3:17  Drone x2  
  33  3:19  Overlord  
  32  3:35  Queen  
  32  3:37  Drone x6  
  39  3:50  Zergling x4  
  39  3:55  Baneling Nest  
  40  3:58  Queen  
  40  4:00  Overlord  
  42  4:15  Hatchery  
  41  4:21  Drone  
  41  4:22  Drone x6  
  48  4:32  Evolution Chamber  
  48  4:33  Evolution Chamber  
  46  4:46  Lair, Extractor  
  46  4:49  Drone x5  
  50  4:59  Spore Crawler  
  49  5:08  Zergling x4  
  49  5:11  Overlord x2  
  51  5:21  Overlord  
  51  5:22  Overlord  
  51  5:26  Zergling x2, Extractor  
  51  5:27  Zergling x8, Extractor  
  54  5:30  Baneling  
  54  5:31  Baneling  
  54  5:46  Drone x3  
  54  5:48  Drone x3  
  60  5:53  Queen  
  64  6:09  Zergling x2  
  64  6:10  Zergling x14  
Show
View Real Time Build Order
Export as new Build Order

JiuJitsu Protoss - Winner!

Build Orders:  

Get SALT Encoding   

  12  0:00  Probe  
  13  0:13  Probe  
  14  0:21  Pylon  
  14  0:24  Probe  
  15  0:35  Probe  
  15  0:41  Gateway  
  16  0:43  Probe  
  16  0:49  Assimilator  
  17  1:04  Probe  
  17  1:07  Assimilator  
  18  1:13  Gateway  
  18  1:16  Probe  
  19  1:28  Probe  
  20  1:34  Cybernetics Core  
  20  1:40  Probe  
  20  1:46  Pylon  
  21  1:52  Probe  
  22  2:00  Stalker x2  
  22  2:04  Probe  
  23  2:11  Warp Gate  
  27  2:17  Probe  
  27  2:19  Pylon  
  27  2:32  Stalker  
  27  2:35  Stalker  
  31  2:59  Nexus  
  31  3:16  Probe  
  32  3:28  Probe  
  33  3:37  Robotics Facility  
  33  3:40  Probe  
  34  3:46  Twilight Council  
  34  3:49  Pylon  
  34  3:52  Probe  
  35  3:56  Charge  
  35  3:59  Gateway  
  35  4:02  Gateway  
  35  4:05  Probe  
  36  4:12  Probe  
  36  4:17  Probe  
  38  4:24  Probe  
  38  4:27  Immortal  
  38  4:29  Probe  
  44  4:38  Gateway  
  44  4:40  Probe  
  44  4:41  Probe  
  46  4:52  Probe, Gateway  
  47  4:54  Gateway  
  47  4:57  Warp Prism  
  49  5:15  Pylon  
  49  5:17  Pylon  
  49  5:18  Zealot x2  
  49  5:19  Zealot  
  55  5:28  Pylon  
  55  5:37  Zealot x2  
  55  5:39  Zealot x3  
  65  5:50  Observer  
  66  5:57  Pylon  
  66  6:03  Zealot x5  
  66  6:04  Zealot  
  78  6:24  Zealot x6  
Tags
 
Add a new tag
Caveats
  • Supply blocks, unpowered buildings, or Contaminate may cause inaccurate times.
  • Supply counts are checked every 10 seconds.